[Event "Portugal Honour 2021"]
[Site "Fatima"]
[Date "2021.04.09"]
[Round "5.7"]
[White "Pina, Tiago"]
[Black "Morais, Vitor"]
[Result "1/2-1/2"]
[ECO "B34"]
[WhiteElo "1843"]
[BlackElo "1904"]
[Annotator "NA"]
[PlyCount "85"]
[EventDate "2021.04.06"]
[EventType "tourn"]
[EventCountry "POR"]
[SourceTitle "playchess.com"]
[Source "ChessBase"]
[SourceQuality "1"]
[TimeControl "5400+30"]

1. e4 c5 2. Nf3 Nc6 3. d4 cxd4 4. Nxd4 Nf6 5. Nc3 e5 6. Ndb5 d6 7. Nd5 Nxd5 8. exd5 Ne7 9. c4 Nf5 10. Bd3 a6 11. Qa4 Bd7 12. Bxf5 axb5 13. Bxd7+ Ke7 14. Qxb5 Qxd7 15. Bg5+ f6 16. Qxd7+ Kxd7 17. Be3 Be7 18. O-O f5 19. a4 f4 20. Bb6 g5 21. f3 h5 22. b4 Rac8 23. Rac1 g4 24. c5 Rhg8 25. a5 Bd8 26. Rc3 Bxb6 27. axb6 Rg6 28. Rfc1 gxf3 29. Rxf3 dxc5 30. bxc5 Rxb6 31. Rfc3 Rb5 32. c6+ Kd6 33. Rd1 Rc7 34. Kf2 Rxd5 35. cxb7 Rxb7 36. Rxd5+ Kxd5 37. Rc8 Rh7 38. Kf3 h4 39. Rd8+ Ke6 40. Re8+ Kf6 41. Rf8+ Ke7 42. Ra8 Kf6 43. Rf8+ 1/2-1/2

[Event "Portugal Honour 2021"]
[Site "Fatima"]
[Date "2021.04.09"]
[Round "5.8"]
[White "Sarabando, Rodrigo"]
[Black "Santos, Julio"]
[Result "1/2-1/2"]
[ECO "D11"]
[WhiteElo "1682"]
[BlackElo "1884"]
[Annotator "NA"]
[PlyCount "113"]
[EventDate "2021.04.06"]
[EventType "tourn"]
[EventCountry "POR"]
[SourceTitle "playchess.com"]
[Source "ChessBase"]
[SourceQuality "1"]
[TimeControl "5400+30"]

1. d4 d5 2. c4 c6 3. Nf3 g6 4. g3 Bg7 5. Bg2 dxc4 6. O-O b5 7. Bf4 Bb7 8. Nc3 e6 9. Ne4 Bf8 10. Qc2 Nd7 11. Rfd1 Ngf6 12. Be5 Be7 13. Nc5 Qc8 14. b4 O-O 15. Bh3 a5 16. a3 axb4 17. axb4 Nd5 18. Rxa8 Bxa8 19. Qb2 Nxe5 20. Nxe5 Nb6 21. Bg2 Rd8 22. Qc2 Kg7 23. e3 f6 24. Nf3 Bb7 25. h4 Bxc5 26. bxc5 Nd5 27. Nd2 Qc7 28. Ra1 Ra8 29. Rxa8 Bxa8 30. Qa2 Qb8 31. Ne4 b4 32. Qxc4 b3 33. Nd2 b2 34. Qc2 Qb4 35. Nb1 Bb7 36. Bf1 e5 37. e4 Nc7 38. dxe5 fxe5 39. Qd3 Qd4 40. Qc2 Na6 41. Qd2 Qxd2 42. Nxd2 Nxc5 43. f3 Nb3 44. Nb1 Na5 45. Kf2 Bc8 46. Ke3 Be6 47. Kd2 Bc4 48. Bxc4 Nxc4+ 49. Kd3 Nb6 50. Kc3 c5 51. Kxb2 Kf6 52. g4 h6 53. Kc3 Ke6 54. Na3 Kd6 55. Kd3 Kc6 56. Kc3 Kd6 57. Kd3 1/2-1/2

[Event "Portugal Honour 2021"]
[Site "Fatima"]
[Date "2021.04.09"]
[Round "5.9"]
[White "Bartolo, Filipe"]
[Black "Barrento, Jorge"]
[Result "1-0"]
[ECO "B01"]
[WhiteElo "1876"]
[BlackElo "1724"]
[Annotator "NA"]
[PlyCount "71"]
[EventDate "2021.04.06"]
[EventType "tourn"]
[EventCountry "POR"]
[SourceTitle "playchess.com"]
[Source "ChessBase"]
[SourceQuality "1"]
[TimeControl "5400+30"]

1. e4 d5 2. exd5 Nf6 3. Nf3 Qxd5 4. d4 Bg4 5. Be2 Nc6 6. O-O O-O-O 7. c4 Qd7 8. d5 Bxf3 9. Bxf3 Ne5 10. Be2 e6 11. Bg5 Kb8 12. Nc3 Be7 13. f4 Ng6 14. Bf3 h6 15. Bxf6 gxf6 16. Qb3 Qc8 17. dxe6 Nh4 18. exf7 Nxf3+ 19. Rxf3 Qe6 20. Na4 Qxf7 21. Re1 Rhg8 22. Rfe3 Rd2 23. R1e2 Rxe2 24. Rxe2 Bd6 25. Qe3 Qd7 26. Qe6 Qxe6 27. Rxe6 Bxf4 28. Rxf6 Bg5 29. Rf7 b6 30. Nc3 Rd8 31. Kf1 Rd2 32. Rf2 Rd4 33. b3 Rd3 34. Ne4 Be3 35. Rf8+ Kb7 36. Ke2 1-0

[Event "Portugal Honour 2021"]
[Site "Fatima"]
[Date "2021.04.09"]
[Round "5.10"]
[White "Santos, Ruben"]
[Black "Lavrador, Rodolfo"]
[Result "1/2-1/2"]
[ECO "A40"]
[WhiteElo "1759"]
[BlackElo "1815"]
[Annotator "NA"]
[PlyCount "105"]
[EventDate "2021.04.06"]
[EventType "tourn"]
[EventCountry "POR"]
[SourceTitle "playchess.com"]
[Source "ChessBase"]
[SourceQuality "1"]
[TimeControl "5400+30"]

1. d4 e6 2. a3 Nf6 3. c4 Be7 4. Nc3 d5 5. Nf3 O-O 6. Bg5 c6 7. e3 Nbd7 8. Bd3 h6 9. Bh4 Re8 10. O-O dxc4 11. Bxc4 Nd5 12. Bg3 Bf6 13. Ne4 Be7 14. Rc1 N7f6 15. Nfd2 Nxe4 16. Nxe4 Nf6 17. Bd3 Bd7 18. Nd6 Bxd6 19. Bxd6 Rc8 20. Bc5 e5 21. Bxa7 e4 22. Bc4 Be6 23. Bc5 Bxc4 24. Rxc4 Qd5 25. Qe2 Re6 26. Rfc1 Rce8 27. Ra4 Qg5 28. Ra7 b5 29. Bb4 Nd5 30. Rc5 Rg6 31. g3 h5 32. Ra6 Ree6 33. Qc2 h4 34. Rcxc6 hxg3 35. hxg3 Qg4 36. Rc8+ Kh7 37. Raa8 Rgf6 38. Rh8+ Kg6 39. Be1 Qf3 40. Qd2 Kf5 41. Rh4 Rh6 42. Rh8 Rxh8 43. Rxh8 Rh6 44. Rxh6 gxh6 45. Qc2 Kg4 46. Qc8+ f5 47. Kh2 Nxe3 48. Qg8+ Kh5 49. Qf7+ Kg5 50. Qe7+ Kg6 51. Qd6+ Kg7 52. Qe5+ Kg6 53. Qe6+ 1/2-1/2

[Event "Portugal Honour 2021"]
[Site "Fatima"]
[Date "2021.04.10"]
[Round "6.6"]
[White "Goncalves, Carlos"]
[Black "Lavrador, Rodolfo"]
[Result "1-0"]
[ECO "A05"]
[WhiteElo "1600"]
[BlackElo "1815"]
[Annotator "NA"]
[PlyCount "39"]
[EventDate "2021.04.06"]
[EventType "tourn"]
[EventCountry "POR"]
[SourceTitle "playchess.com"]
[Source "ChessBase"]
[SourceQuality "1"]
[TimeControl "5400+30"]

1. Nf3 Nf6 2. g3 d5 3. Bg2 Nbd7 4. d4 Ne4 5. O-O Ndf6 6. Nbd2 c6 7. Nxe4 Nxe4 8. Nd2 Nd6 9. Re1 Bf5 10. c4 dxc4 11. e4 Bg6 12. e5 Nf5 13. Nxc4 Qxd4 14. Qb3 O-O-O 15. Bf4 e6 16. Rad1 Qc5 17. Rxd8+ Kxd8 18. Qxb7 Qxc4 19. Rd1+ Nd4 20. Bxc6 1-0

[Event "Portugal Honour 2021"]
[Site "Fatima"]
[Date "2021.04.10"]
[Round "6.7"]
[White "Barrento, Jorge"]
[Black "Santos, Ruben"]
[Result "0-1"]
[ECO "D02"]
[WhiteElo "1724"]
[BlackElo "1759"]
[Annotator "NA RC"]
[PlyCount "110"]
[EventDate "2021.04.06"]
[EventType "tourn"]
[EventCountry "POR"]
[SourceTitle "playchess.com"]
[Source "ChessBase"]
[SourceQuality "1"]
[TimeControl "5400+30"]

1. d4 d5 2. Nf3 Bg4 3. Ne5 Bf5 4. c4 e6 5. Qa4+ c6 6. Nc3 Bd6 7. e3 Ne7 8. g4 Bg6 9. h4 f6 10. Nxg6 hxg6 11. Bg2 Nd7 12. cxd5 exd5 13. e4 dxe4 14. Nxe4 Nb6 15. Nxd6+ Qxd6 16. Qc2 O-O-O 17. g5 Qxd4 18. Be3 Qb4+ 19. Bd2 Qc4 20. Qxc4 Nxc4 21. Bc3 fxg5 22. Bxg7 Rxh4 23. Rxh4 gxh4 24. Bf6 Re8 25. O-O-O Kc7 26. Re1 Kd7 27. Bxh4 Nf5 28. Rxe8 Kxe8 29. Bf6 Kf7 30. Bd8 Ne5 31. Bf1 Ng4 32. f4 Nge3 33. Bh3 Ke6 34. Bc7 Kd5 35. b3 Ke4 36. Bb8 a6 37. Kd2 Kf3 38. Kd3 Nd5 39. Kc4 Nxf4 40. Bxf4 Kxf4 41. Kc5 Kg3 42. Bf1 Ne3 43. Bd3 g5 44. Kb6 Kf2 45. Kxb7 g4 46. Be4 g3 47. Kxa6 Nf5 48. a4 Nd4 49. Bh1 c5 50. a5 Nxb3 51. Kb5 Nxa5 52. Kxa5 Ke3 53. Ka4 Kd3 54. Bg2 c4 55. Bf1+ Kd2 0-1

[Event "Portugal Honour 2021"]
[Site "Fatima"]
[Date "2021.04.10"]
[Round "6.8"]
[White "Santos, Julio"]
[Black "Bartolo, Filipe"]
[Result "1-0"]
[ECO "C50"]
[WhiteElo "1884"]
[BlackElo "1876"]
[Annotator "NA RC"]
[PlyCount "119"]
[EventDate "2021.04.06"]
[EventType "tourn"]
[EventCountry "POR"]
[SourceTitle "playchess.com"]
[Source "ChessBase"]
[SourceQuality "1"]
[TimeControl "5400+30"]

1. e4 e5 2. Nf3 Nc6 3. Bc4 Bc5 4. O-O Nf6 5. d3 d6 6. Nc3 Bg4 7. h3 Bh5 8. Be3 Qd7 9. Kh2 O-O-O 10. Nd5 Nxd5 11. Bxd5 Ne7 12. g4 Bxe3 13. fxe3 Nxd5 14. exd5 Bg6 15. e4 h5 16. g5 Rdf8 17. Nh4 Bh7 18. Rf3 Qe7 19. Qd2 f5 20. exf5 e4 21. Re1 Qe5+ 22. Qf4 Qxd5 23. Qxe4 Qxa2 24. Qd4 Qa5 25. b4 Qa4 26. Re7 Re8 27. Qxg7 Rxe7 28. Qxh8+ Kd7 29. f6 Qxc2+ 30. Kg3 Qc1 31. fxe7 Qxg5+ 32. Kh2 Qxe7 33. Qd4 Kc6 34. Ng2 a6 35. Nf4 Qe1 36. Qc4+ Kb6 37. Nd5+ Ka7 38. Qd4+ b6 39. Nxb6 Qe2+ 40. Rf2 Qxd3 41. Qxd3 Bxd3 42. Nd5 Kb8 43. Nf4 Bc4 44. Nxh5 Kb7 45. Nf6 Kb6 46. h4 Kb5 47. Rf4 Bd3 48. h5 c5 49. bxc5 dxc5 50. h6 Bg6 51. Rg4 Bf5 52. Rg5 Bd3 53. Nd7 a5 54. Nxc5 Bh7 55. Nd7+ Kb4 56. Nf6 Bc2 57. Nd5+ Ka4 58. Ne3 Bh7 59. Nc4 Kb4 60. Nxa5 1-0

[Event "Portugal Honour 2021"]
[Site "Fatima"]
[Date "2021.04.10"]
[Round "6.9"]
[White "Morais, Vitor"]
[Black "Sarabando, Rodrigo"]
[Result "0-1"]
[ECO "A05"]
[WhiteElo "1904"]
[BlackElo "1682"]
[Annotator "NA"]
[PlyCount "82"]
[EventDate "2021.04.06"]
[EventType "tourn"]
[EventCountry "POR"]
[SourceTitle "playchess.com"]
[Source "ChessBase"]
[SourceQuality "1"]
[TimeControl "5400+30"]

1. Nf3 Nf6 2. c4 g6 3. Nc3 Bg7 4. g3 O-O 5. Bg2 d6 6. O-O e5 7. d3 Nc6 8. Rb1 Nh5 9. b4 f5 10. Bg5 Bf6 11. Bxf6 Nxf6 12. e3 Kg7 13. b5 Ne7 14. a4 a5 15. Nd2 Rb8 16. f4 b6 17. Qe2 Nd7 18. Rbe1 Bb7 19. Nd5 Nc5 20. d4 Nxd5 21. cxd5 exd4 22. exd4 Nd7 23. Qc4 Nf6 24. Re6 Qd7 25. Rfe1 Rfe8 26. h3 Kf7 27. Nf3 h6 28. Nh4 Rbc8 29. Kf2 Ne4+ 30. Bxe4 fxe4 31. R1xe4 Bxd5 32. Qxd5 Rxe6 33. Nxg6 Kf6 34. f5 Rxe4 35. Qxe4 Re8 36. Qh4+ Kg7 37. Qg4 Kh7 38. Nh4 Qf7 39. Qd1 Qa2+ 40. Kg1 Re3 41. Nf3 Rb3 0-1

[Event "Portugal Honour 2021"]
[Site "Fatima"]
[Date "2021.04.10"]
[Round "6.10"]
[White "Basilio, Rodrigo"]
[Black "Pina, Tiago"]
[Result "0-1"]
[ECO "B35"]
[WhiteElo "1849"]
[BlackElo "1843"]
[Annotator "NA"]
[PlyCount "58"]
[EventDate "2021.04.06"]
[EventType "tourn"]
[EventCountry "POR"]
[SourceTitle "playchess.com"]
[Source "ChessBase"]
[SourceQuality "1"]
[TimeControl "5400+30"]

1. e4 c5 2. Nf3 Nc6 3. d4 cxd4 4. Nxd4 g6 5. Nc3 Bg7 6. Be3 Nf6 7. Bc4 O-O 8. Bb3 d5 9. exd5 Na5 10. O-O Nxb3 11. Nxb3 a6 12. a4 b6 13. Qd2 Bb7 14. Rfd1 b5 15. Nc5 Qc8 16. axb5 axb5 17. Nxb5 Rxa1 18. Rxa1 Nxd5 19. c4 Nxe3 20. Qxe3 Bxb2 21. Rb1 Bf6 22. Na7 Qf5 23. Rxb7 Rd8 24. g3 Bd4 25. Qd2 Qxc5 26. Qe2 Ra8 27. Rd7 Rxa7 28. Rd5 Qb6 29. c5 Bxc5 0-1

[Event "Portugal Honour 2021"]
[Site "Fatima"]
[Date "2021.04.10"]
[Round "7.1"]
[White "Pina, Tiago"]
[Black "Goncalves, Carlos"]
[Result "1-0"]
[ECO "D15"]
[WhiteElo "1843"]
[BlackElo "1600"]
[Annotator "NA"]
[PlyCount "87"]
[EventDate "2021.04.06"]
[EventType "tourn"]
[EventCountry "POR"]
[SourceTitle "playchess.com"]
[Source "ChessBase"]
[SourceQuality "1"]
[TimeControl "5400+30"]

1. Nf3 c6 2. d4 d5 3. c4 Nf6 4. Nc3 Bg4 5. Qb3 Qb6 6. c5 Qxb3 7. axb3 Bxf3 8. exf3 Nbd7 9. f4 e6 10. b4 g6 11. Be3 Bg7 12. b5 O-O 13. Bd3 a6 (13... cxb5 $11 {keeps the balance.} 14. Bxb5 Rfd8) 14. bxc6 bxc6 15. Kd2 Rfb8 16. Kc2 a5 $16 17. Ra3 Rb4 18. Rha1 Rab8 19. R1a2 Ng4 20. h3 Nh6 21. Ne2 Nf5 22. Bxf5 exf5 23. b3 Nf6 24. Bd2 R4b7 25. f3 Re8 26. Kd3 Re6 27. Ng3 Bh6 28. Kc2 Nh5 29. Nxh5 gxh5 30. Kd3 h4 31. Rb2 Rb5 32. Rb1 Rg6 33. Rg1 Bg7 34. Be1 Bf6 35. Bxa5 Bg7 36. Bc7 Rb7 37. Ra8+ Bf8 38. Bd6 Rxd6 39. cxd6 Kg7 40. Rd8 Rxb3+ 41. Kc2 Re3 42. d7 Re7 43. Rxf8 Rxd7 44. Rc8 1-0

[Event "Portugal Honour 2021"]
[Site "Fatima"]
[Date "2021.04.10"]
[Round "7.2"]
[White "Sarabando, Rodrigo"]
[Black "Basilio, Rodrigo"]
[Result "1-0"]
[ECO "E97"]
[WhiteElo "1682"]
[BlackElo "1849"]
[Annotator "NA"]
[PlyCount "85"]
[EventDate "2021.04.06"]
[EventType "tourn"]
[EventCountry "POR"]
[SourceTitle "playchess.com"]
[Source "ChessBase"]
[SourceQuality "1"]
[TimeControl "5400+30"]

1. d4 Nf6 2. c4 g6 3. Nc3 Bg7 4. e4 d6 5. Nf3 O-O 6. Be2 e5 7. O-O Nc6 8. d5 Ne7 9. b4 Nh5 10. a4 Nf4 11. c5 Bg4 12. Bc4 f5 13. Ra3 fxe4 14. Nxe4 h6 15. h3 Bh5 16. Ng3 Qd7 17. Nxh5 Nxh5 18. Re1 Nf4 19. Nd2 Kh8 20. Ne4 Rf5 21. cxd6 cxd6 22. Bb5 Qd8 23. g4 Rf8 24. Bxf4 exf4 25. h4 Qb6 26. Qd3 Be5 27. Nc5 dxc5 28. Rxe5 cxb4 29. Ra1 Qf6 30. Rae1 Ng8 31. g5 Qg7 32. d6 a6 33. Bc4 Rad8 34. Bxg8 Rxg8 35. Re7 Qc3 36. Qd5 b3 37. gxh6 g5 38. h5 g4 39. Qf7 Qxe1+ 40. Rxe1 Rxd6 41. Re7 Rxh6 42. Qxf4 Rh7 43. Qf6+ 1-0

[Event "Portugal Honour 2021"]
[Site "Fatima"]
[Date "2021.04.10"]
[Round "7.4"]
[White "Santos, Ruben"]
[Black "Santos, Julio"]
[Result "1-0"]
[ECO "D31"]
[WhiteElo "1759"]
[BlackElo "1884"]
[Annotator "NA RC"]
[PlyCount "81"]
[EventDate "2021.04.06"]
[EventType "tourn"]
[EventCountry "POR"]
[SourceTitle "playchess.com"]
[Source "ChessBase"]
[SourceQuality "1"]
[TimeControl "5400+30"]

1. d4 d5 2. c4 e6 3. Nc3 g6 4. Bf4 Bg7 5. e3 b6 6. cxd5 exd5 7. Rc1 c6 8. Bd3 Nf6 9. h3 O-O 10. Nf3 Re8 11. O-O Ba6 12. b4 Bxd3 13. Qxd3 b5 14. Ne2 Ne4 15. Bxb8 Rxb8 16. Rxc6 Bf8 17. Qb3 Re6 18. Rfc1 $18 g5 19. a3 h5 20. Ne5 Bg7 21. Rxe6 fxe6 22. Nc6 Qf8 23. f3 Nd2 24. Qd3 Nc4 25. Nxb8 Qxb8 26. Qg6 Qb6 27. Ng3 e5 28. Qxg5 Kf8 29. Nxh5 Bh6 30. Qf5+ Ke7 31. f4 exd4 32. exd4 Qxd4+ 33. Kh2 Qd2 34. Rc2 Qd1 35. Nf6 Bxf4+ 36. g3 Be5 37. Ng8+ Ke8 38. Rf2 Bxg3+ 39. Kxg3 Qg1+ 40. Kh4 Qxg8 41. Qc8+ 1-0

[Event "Portugal Honour 2021"]
[Site "Fatima"]
[Date "2021.04.10"]
[Round "7.5"]
[White "Lavrador, Rodolfo"]
[Black "Barrento, Jorge"]
[Result "0-1"]
[ECO "B02"]
[WhiteElo "1815"]
[BlackElo "1724"]
[Annotator "NA RC"]
[PlyCount "38"]
[EventDate "2021.04.06"]
[EventType "tourn"]
[EventCountry "POR"]
[SourceTitle "playchess.com"]
[Source "ChessBase"]
[SourceQuality "1"]
[TimeControl "5400+30"]

1. e4 d5 2. exd5 Nf6 3. Nc3 Nxd5 4. Nxd5 Qxd5 5. Nf3 Bg4 6. Be2 Nc6 7. O-O O-O-O 8. d3 e5 9. c4 Qd7 10. Be3 f6 11. Qa4 Kb8 12. Rfd1 Nd4 13. Qa5 $2 (13. Qxd7 $17 {nothing else works.} Nxe2+ 14. Kf1 Rxd7 15. Kxe2) 13... Nxe2+ 14. Kf1 Nd4 15. b4 b6 16. Qa6 Bxf3 17. gxf3 Qh3+ {[%emt 0:00:12] Double Attack} 18. Ke1 Bxb4+ 19. Bd2 Qxf3 0-1

[Event "Portugal Honour 2021"]
[Site "Fatima"]
[Date "2021.04.11"]
[Round "8.1"]
[White "Goncalves, Carlos"]
[Black "Barrento, Jorge"]
[Result "1/2-1/2"]
[ECO "A46"]
[WhiteElo "1600"]
[BlackElo "1724"]
[Annotator "NA RC"]
[PlyCount "79"]
[EventDate "2021.04.06"]
[EventType "tourn"]
[EventCountry "POR"]
[SourceTitle "playchess.com"]
[Source "ChessBase"]
[SourceQuality "1"]
[TimeControl "5400+30"]

1. Nf3 Nf6 2. g3 b5 3. Bg2 Bb7 4. O-O e6 5. d4 c5 6. c3 Be7 7. Bf4 d5 8. Nbd2 O-O 9. Bxb8 Qxb8 10. Nb3 Qc7 11. e3 c4 12. Nbd2 a5 13. Ne5 b4 14. h4 a4 15. cxb4 Bxb4 16. Rc1 Qa5 17. Ndxc4 Qa6 18. Nd2 Qb6 19. g4 Qd8 20. g5 Nd7 21. Nc6 Bxc6 22. Rxc6 Nb8 23. Rc2 a3 24. b3 f5 25. f4 Na6 26. Qe2 Bd6 27. Nb1 Nb4 28. Rd2 g6 29. Nc3 Ra5 30. Rc1 Qd7 31. Na4 Rc8 32. Rdd1 Qb7 33. Qd2 Kf7 34. Rxc8 Qxc8 35. Rc1 Qb8 36. Nc5 Ra7 37. Nd3 Nxd3 38. Qxd3 Rc7 39. Rxc7+ Qxc7 40. Qd2 1/2-1/2

[Event "Portugal Honour 2021"]
[Site "Fatima"]
[Date "2021.04.11"]
[Round "8.2"]
[White "Santos, Julio"]
[Black "Lavrador, Rodolfo"]
[Result "0-1"]
[ECO "A85"]
[WhiteElo "1884"]
[BlackElo "1815"]
[Annotator "NA RC"]
[PlyCount "70"]
[EventDate "2021.04.06"]
[EventType "tourn"]
[EventCountry "POR"]
[SourceTitle "playchess.com"]
[Source "ChessBase"]
[SourceQuality "1"]
[TimeControl "5400+30"]

1. d4 e6 2. c4 Bb4+ 3. Nc3 f5 4. Bf4 Nf6 5. a3 Bxc3+ 6. bxc3 O-O 7. e3 b6 8. h4 Bb7 9. Nf3 d6 10. Qc2 Nbd7 11. O-O-O Qe8 12. Ng1 e5 13. Bg5 Ne4 14. Rh3 h6 15. f3 hxg5 16. fxe4 Bxe4 17. Bd3 Bxd3 18. Qxd3 g4 19. Rh1 f4 20. e4 Qh5 21. Qe2 Nf6 22. d5 Rf7 23. Qd3 Qh6 24. Kc2 Raf8 25. Ne2 Qg6 26. Rde1 Qxe4 27. Qxe4 Nxe4 28. Nc1 Nc5 29. Nd3 Nxd3 30. Kxd3 Kh7 31. Re4 g3 $19 32. Rg1 Kg6 33. Ke2 Rh8 34. Rh1 Kf5 35. Kf3 g5 0-1

[Event "Portugal Honour 2021"]
[Site "Fatima"]
[Date "2021.04.11"]
[Round "8.4"]
[White "Basilio, Rodrigo"]
[Black "Bartolo, Filipe"]
[Result "1-0"]
[ECO "C54"]
[WhiteElo "1849"]
[BlackElo "1876"]
[Annotator "NA RC"]
[PlyCount "75"]
[EventDate "2021.04.06"]
[EventType "tourn"]
[EventCountry "POR"]
[SourceTitle "playchess.com"]
[Source "ChessBase"]
[SourceQuality "1"]
[TimeControl "5400+30"]

1. e4 e5 2. Nf3 Nc6 3. Bc4 Bc5 4. d3 Nf6 5. Nbd2 O-O 6. O-O d6 7. c3 a6 8. Bb3 h6 9. h3 Be6 10. Re1 Re8 11. Bc2 Ba7 12. Nh2 Ne7 13. Ndf1 Ng6 14. d4 d5 15. exd5 Bxd5 16. Bxg6 fxg6 17. dxe5 Ne4 18. Be3 Bxe3 19. Nxe3 Bc6 20. Qd4 Qh4 21. Nd5 Rxe5 $2 {[%emt 0:01:24] [#]} (21... Qd8) 22. Nf3 $18 {[%emt 0:01:37] Double Attack} Rxd5 23. Qxd5+ Bxd5 24. Nxh4 g5 25. Ng6 Kh7 26. Ne7 Nf6 27. Nxd5 Nxd5 28. Rad1 Nb6 29. Re7 Rc8 30. b3 Kg6 31. c4 Kf6 32. Rde1 Kg6 33. R1e6+ Kh7 34. Rf7 Na8 35. Ree7 Rg8 36. g3 Nb6 37. Rxc7 Nc8 38. c5 1-0

[Event "Portugal Honour 2021"]
[Site "Fatima"]
[Date "2021.04.11"]
[Round "8.5"]
[White "Pina, Tiago"]
[Black "Sarabando, Rodrigo"]
[Result "1-0"]
[ECO "E81"]
[WhiteElo "1843"]
[BlackElo "1682"]
[Annotator "NA RC"]
[PlyCount "39"]
[EventDate "2021.04.06"]
[EventType "tourn"]
[EventCountry "POR"]
[SourceTitle "playchess.com"]
[Source "ChessBase"]
[SourceQuality "1"]
[TimeControl "5400+30"]

1. d4 Nf6 2. c4 g6 3. Nc3 Bg7 4. e4 d6 5. f3 O-O 6. Nge2 e5 7. Bg5 c6 8. Qd2 Re8 9. d5 c5 10. g4 Nbd7 11. Ng3 a6 12. a4 Rb8 13. Be2 Nf8 14. h4 Bd7 $18 15. h5 Qa5 16. h6 Bh8 17. Kf2 Ra8 18. Qc1 Reb8 19. Nf5 Qc7 20. Ne7# 1-0

[Event "Portugal Honour 2021"]
[Site "Fatima"]
[Date "2021.04.12"]
[Round "9.6"]
[White "Sarabando, Rodrigo"]
[Black "Goncalves, Carlos"]
[Result "1-0"]
[ECO "D81"]
[WhiteElo "1682"]
[BlackElo "1600"]
[Annotator "NA RC"]
[PlyCount "107"]
[EventDate "2021.04.06"]
[EventType "tourn"]
[EventCountry "POR"]
[SourceTitle "playchess.com"]
[Source "ChessBase"]
[SourceQuality "1"]
[TimeControl "5400+30"]

1. d4 Nf6 2. c4 g6 3. Nc3 d5 4. Qb3 dxc4 5. Qxc4 Bg7 6. e4 O-O 7. Be2 a6 8. Bf4 Ne8 9. Rd1 c6 10. Nf3 Nd6 11. Qd3 Bg4 12. O-O Qa5 13. h3 Bd7 14. Qe3 b5 15. b3 Qb6 16. Bg5 f6 17. Bf4 Nf7 18. e5 fxe5 19. Nxe5 Nxe5 20. Bxe5 Rf7 21. Bxg7 Kxg7 22. Qe5+ Kg8 23. Ne4 Qd8 24. Nc5 Bc8 25. Bf3 Rxf3 26. gxf3 Bxh3 27. Rfe1 Nd7 28. Qxe7 Nf8 29. Qxd8 Rxd8 30. Nxa6 Ra8 31. Nb4 Rc8 32. Rc1 Rc7 33. Rxc6 Rf7 34. Re3 h5 35. a4 bxa4 36. bxa4 Bd7 37. Ra6 Rf5 38. a5 Rg5+ 39. Kh2 Bb5 40. Ra8 Bf1 41. Ree8 Rf5 42. Rxf8+ Rxf8 43. Rxf8+ Kxf8 44. a6 Bxa6 45. Nxa6 Ke7 46. Nb4 Kd6 47. f4 Ke6 48. d5+ Kf6 49. Kg3 Kf5 50. Nd3 Kf6 51. Ne5 g5 52. fxg5+ Kxe5 53. g6 Kf6 54. d6 1-0

[Event "Portugal Honour 2021"]
[Site "Fatima"]
[Date "2021.04.12"]
[Round "9.7"]
[White "Bartolo, Filipe"]
[Black "Pina, Tiago"]
[Result "1/2-1/2"]
[ECO "B32"]
[WhiteElo "1876"]
[BlackElo "1843"]
[Annotator "NA RC"]
[PlyCount "25"]
[EventDate "2021.04.06"]
[EventType "tourn"]
[EventCountry "POR"]
[SourceTitle "playchess.com"]
[Source "ChessBase"]
[SourceQuality "1"]
[TimeControl "5400+30"]

1. e4 c5 2. Nf3 Nc6 3. d4 cxd4 4. Nxd4 e5 5. Nb5 a6 6. Nd6+ Bxd6 7. Qxd6 Qe7 8. Qxe7+ Ngxe7 9. Nc3 Nb4 10. Bd3 d5 11. exd5 Bf5 12. Ne4 Nxd3+ 13. cxd3 1/2-1/2

[Event "Portugal Honour 2021"]
[Site "Fatima"]
[Date "2021.04.12"]
[Round "9.8"]
[White "Santos, Ruben"]
[Black "Basilio, Rodrigo"]
[Result "0-1"]
[ECO "E73"]
[WhiteElo "1759"]
[BlackElo "1849"]
[Annotator "NA RC"]
[PlyCount "90"]
[EventDate "2021.04.06"]
[EventType "tourn"]
[EventCountry "POR"]
[SourceTitle "playchess.com"]
[Source "ChessBase"]
[SourceQuality "1"]
[TimeControl "5400+30"]

1. d4 Nf6 2. c4 g6 3. Nc3 Bg7 4. e4 d6 5. Be2 O-O 6. Bg5 h6 7. Be3 c5 8. f3 cxd4 9. Bxd4 Nc6 10. Be3 Qa5 11. g4 h5 12. g5 ({White should try} 12. h3 $15) 12... Nd7 13. Qd2 Nc5 14. Rb1 (14. Rc1 $142) 14... Bxc3 15. bxc3 a6 16. Bxc5 Qxc5 17. f4 Be6 18. Rxb7 Bxc4 19. Nf3 Rab8 20. Rxb8 Rxb8 21. Qc1 Bxa2 22. Nd2 Qe3 23. Qa1 Be6 24. Rf1 Bg4 25. Qxa6 Nb4 26. cxb4 Rc8 27. Qxc8+ Bxc8 28. Rf3 Qg1+ 29. Bf1 Qxh2 30. b5 Qg1 31. Rf2 Qg3 32. Be2 h4 33. Nf1 Qc3+ 34. Kd1 Qd4+ 35. Ke1 Qxe4 36. Nd2 Qb4 37. Rf3 h3 38. Rb3 Qxf4 39. Bf3 h2 40. Bh1 Qxg5 41. Ke2 Be6 (41... Qg1 $142 42. Bc6 Bg4+ 43. Kd3 Qe1 44. Kc3 Bf5 45. Bf3 Qe3+ 46. Kb4 Qxd2+ 47. Rc3 Be6 48. Bh1 Qd4+ 49. Rc4 Bxc4 50. Ka5 Bd5 51. Bxd5 Qxd5 52. Kb4 h1=Q 53. Ka5 Qa1+ 54. Kb6 Qc5+ 55. Kb7 Qaa7#) 42. Rb1 Bd5 43. Nf3 Qf4 44. Nd2 Bxh1 $19 45. Rxh1 Qb4 0-1

[Event "Portugal Honour 2021"]
[Site "Fatima"]
[Date "2021.04.12"]
[Round "9.10"]
[White "Barrento, Jorge"]
[Black "Santos, Julio"]
[Result "1-0"]
[ECO "A48"]
[WhiteElo "1724"]
[BlackElo "1884"]
[Annotator "NA RC"]
[PlyCount "89"]
[EventDate "2021.04.06"]
[EventType "tourn"]
[EventCountry "POR"]
[SourceTitle "playchess.com"]
[Source "ChessBase"]
[SourceQuality "1"]
[TimeControl "5400+30"]

1. d4 Nf6 2. Nf3 g6 3. Bg5 Bg7 4. Nbd2 O-O 5. e3 b6 6. Bd3 Bb7 7. O-O d6 8. Qe2 Nbd7 9. e4 e5 10. c3 Re8 11. dxe5 dxe5 12. Rfd1 Qe7 13. Bc2 h6 14. Bxf6 Qxf6 15. Nf1 Nc5 16. Qe3 Red8 (16... a5 $17) 17. Ng3 Ne6 18. Ne2 Bf8 19. b4 Kh7 20. Ne1 ({Better is} 20. h4 $15) 20... h5 21. Qf3 Qe7 22. h4 f5 23. Qg3 f4 $17 24. Qh3 c5 25. b5 c4 26. Nf3 Qf6 27. Qxe6 Qxe6 28. Ng5+ Kg8 29. Nxe6 Rxd1+ 30. Rxd1 Re8 31. Nxf8 Kxf8 32. f3 Ke7 33. Kf2 Ke6 34. a4 Re7 35. Nc1 Rg7 36. Na2 g5 37. hxg5 Rxg5 38. Nb4 h4 39. Nd5 Rg7 40. Bb1 Rg8 41. Ba2 Rc8 42. Nb4 Kf6 43. Rd7 Rb8 44. Nc6 Ke6 45. Nxb8 1-0